 Dungeon Crawl Stone Soup version 0.31-a0-662-g684573625c (webtiles) character file.

Game seed: 248223104275574463

1494033 cforsyth the Shatterer (level 27, 207/207 HPs)
             Began as a Gnoll Artificer on Aug 31, 2023.
             Was the Champion of Hepliaklqana.
             Escaped with the Orb
             ... and 3 runes on Sept 1, 2023!
             The game lasted 03:24:49 (96808 turns).

cforsyth the Shatterer (Gnoll Artificer)           Turns: 96808, Time: 03:24:49

Health: 207/207    AC: 49    Str: 20    XL:     27
Magic:  41/41      EV: 16    Int: 23    God:    Hepliaklqana [******]
Gold:   7469       SH: 16    Dex: 18    Spells: 32/65 levels left

rFire   + + .        B - +9 double sword (freeze)
rCold   + . .        m - +0 kite shield {reflect}
rNeg    + + +        A - +12 plate armour of Xurroyn {rN+++ Regen+ Str+4 Stlth-}
rPois   .            f - +2 helmet of Adghia {Int+2}
rElec   +            z - +4 dragonskin cloak
rCorr   +            y - +3 pair of gauntlets of War {Slay+5}
SInv    +            l - +2 pair of boots of Tialomn {Will+}
Will    ++++.        F - amulet of regeneration
Stlth   +            N - ring "Duanesila" {rElec rF+ Will+ Str+2 Dex+6}
HPRegen 2.14/turn    n - ring of Himam {rF+ rC+ rN+ rCorr SInv}
MPRegen 0.27/turn

%: reflection
@: studying 2 skills
A: reduced essence, fangs 1, strong nose, distributed training, clumsy 1, low MP
1, mutation resistance 1
0: Orb of Zot
}: 3/15 runes: decaying, silver, gossamer
a: Renounce Religion, Recall Ancestor, Ancestor Identity, Transference, Idealise


You escaped.
You worshipped Hepliaklqana.
Hepliaklqana was exalted by your worship.
You visited 11 branches of the dungeon, and saw 51 of its levels.
You visited 1 bazaar.
You visited 1 ziggurat, and saw 9 of its levels.
You also visited: Ossuary, Gauntlet, Ice Cave, Volcano and Wizlab.

You collected 10848 gold pieces.
You spent 3379 gold pieces at shops.

Inventory:

Hand Weapons
 B - a +9 double sword of freezing (weapon)
Missiles
 O - 22 silver javelins
Armour
 f - the +2 helmet of Adghia (worn) {Int+2}
   (You bought it in a shop on level 1 of the Elven Halls)

   Int+2:     It affects your intelligence (+2).
 l - the +2 pair of boots of Tialomn (worn) {Will+}
   (You found it in a Gauntlet)

   Will+:     It increases your willpower.
 m - a +0 kite shield of reflection (worn)
 y - the +3 pair of gauntlets of War (worn) {Slay+5}
   (You found it on level 3 of the Dungeon)

   Slay+5:    It affects your accuracy & damage with ranged weapons and melee
   (+5).
 z - the +4 dragonskin cloak (worn)
   (You took it off Tiamat on level 2 of the Realm of Zot)

   Avatar's Aegis: It grants the wearer a chance to resist fire, cold, poison,
   electricity, acid, and negative energy.
 A - the +12 plate armour of Xurroyn (worn) {rN+++ Regen+ Str+4 Stlth-}
   (You found it on level 3 of the Elven Halls)

   Str+4:     It affects your strength (+4).
   rN+++:     It renders you almost immune to negative energy.
   Regen+:    It increases your rate of health regeneration.
   Stlth-:    It makes you less stealthy.
Jewellery
 n - the ring of Himam (right hand) {rF+ rC+ rN+ rCorr SInv}
   (You bought it in a shop on level 1 of the Vaults)

   [ring of positive energy]

   rF+:       It protects you from fire.
   rC+:       It protects you from cold.
   rN+:       It protects you from negative energy.
   SInv:      It lets you see invisible.
   rCorr:     It protects you from acid and corrosion.
 E - a ring of see invisible
 F - an amulet of regeneration (around neck)
 G - the ring "Xacote" {Fly rF+ rN+ rCorr}
   (You found it on level 3 of the Crypt)

   [ring of positive energy]

   rF+:       It protects you from fire.
   rN+:       It protects you from negative energy.
   Fly:       It grants you flight.
   rCorr:     It protects you from acid and corrosion.
 K - the ring "Xiha" {rPois Dex+4}
   (You found it in a Gauntlet)

   [ring of poison resistance]

   Dex+4:     It affects your dexterity (+4).
   rPois:     It protects you from poison
 N - the ring "Duanesila" (left hand) {rElec rF+ Will+ Str+2 Dex+6}
   (You took it off a minotaur in a Gauntlet)

   [ring of dexterity]

   Str+2:     It affects your strength (+2).
   Dex+6:     It affects your dexterity (+6).
   rF+:       It protects you from fire.
   rElec:     It insulates you from electricity.
   Will+:     It increases your willpower.
Talismans
 M - a granite talisman
Wands
 a - a wand of digging (9)
 b - a wand of acid (3)
 c - a wand of flame (145)
 d - a wand of charming (4)
 e - a wand of iceblast (62)
 C - a wand of polymorph (27)
 T - a wand of mindburst (30)
 Z - a wand of paralysis (77)
Scrolls
 g - 5 scrolls of blinking
 h - 17 scrolls of teleportation
 q - 4 scrolls of revelation
 x - 2 scrolls of enchant weapon
 D - 5 scrolls of poison
 J - 4 scrolls of immolation
 P - 2 scrolls of amnesia
 Q - 7 scrolls of noise
 R - 5 scrolls of enchant armour
 S - 7 scrolls of fog
 V - 4 scrolls of summoning
 Y - 6 scrolls of fear
Potions
 i - a potion of heal wounds
 j - 7 potions of resistance
 k - 15 potions of mutation
 o - 18 potions of curing
 p - 7 potions of haste
 r - 10 potions of might
 u - 2 potions of brilliance
 v - 8 potions of invisibility
 w - 12 potions of ambrosia
 I - 6 potions of berserk rage
 U - 3 potions of cancellation
 W - 2 potions of enlightenment
 X - 2 potions of magic
Miscellaneous
 s - a phial of floods
 t - a phantom mirror
 H - a lightning rod (4/4)
 L - a tin of tremorstones (2/2)


   Skills:
 + Level 21.6 Fighting
 + Level 19.5 Short Blades
 + Level 19.5 Long Blades
 + Level 19.5 Axes
 + Level 25.5 Maces & Flails
 + Level 19.5 Polearms
 + Level 19.5 Staves
 + Level 19.5 Ranged Weapons
 + Level 19.5 Throwing
 + Level 20.0 Armour
 + Level 19.7 Dodging
 + Level 19.7 Stealth
 + Level 19.5 Shields
 + Level 19.5 Unarmed Combat
 + Level 19.5 Spellcasting
 + Level 16.7 Conjurations
 + Level 16.7 Hexes
 + Level 16.7 Summonings
 + Level 16.7 Necromancy
 + Level 16.7 Translocations
 + Level 16.7 Transmutations
 + Level 16.7 Fire Magic
 + Level 16.7 Ice Magic
 + Level 16.7 Air Magic
 + Level 16.7 Earth Magic
 + Level 16.7 Poison Magic
 + Level 23.7 Invocations
 + Level 20.4 Evocations
 + Level 18.1 Shapeshifting


You had 32 spell levels left.
You knew the following spells:

 Your Spells              Type           Power      Damage    Failure   Level
a - Stone Arrow           Conj/Erth      100%       3d13      1%          3
b - Tukima's Dance        Hex            78%        N/A       1%          3
c - Yara's Violent Unrav  Hex/Tmut       39%        3d16      1%          5
d - Blink                 Tloc           100%       N/A       1%          2
e - Manifold Assault      Tloc           78%        N/A       1%          4
f - Summon Forest         Summ/Tloc      39%        N/A       1%          5
g - Summon Cactus Giant   Summ           39%        N/A       3%          6
h - Summon Mana Viper     Hex/Summ       78%        N/A       1%          5

Your spell library contained the following spells:

 Spells                   Type           Power      Damage    Failure   Level
 Freeze                   Ice            100%       1d10      1%          1
 Magic Dart               Conj           100%       1d8       1%          1
 Necrotise                Necr           100%       1d9       1%          1
 Sandblast                Erth           100%       2d20      1%          1
 Summon Small Mammal      Summ           100%       N/A       1%          1
 Cigotuvi's Dreadful Rot  Necr/Pois/Air  100%       N/A       1%          2
 Lesser Beckoning         Tloc           100%       N/A       1%          2
 Passwall                 Tmut/Erth      65%        N/A       1%          2
 Scorch                   Fire           100%       2d9       1%          2
 Searing Ray              Conj           100%       2d8       1%          2
 Static Discharge         Conj/Air       100%       2-7/arc   1%          2
 Sublimation of Blood     Necr           78%        N/A       1%          2
 Wereblood                Tmut           78%        N/A       1%          2
 Call Canine Familiar     Summ           78%        N/A       1%          3
 Dazzling Flash           Conj/Hex       100%       N/A       1%          3
 Frozen Ramparts          Ice            100%       1d16      1%          3
 Gell's Gravitas          Tloc           78%        N/A       1%          3
 Hailstorm                Conj/Ice       78%        3d16      1%          3
 Ignite Poison            Fire/Tmut/Pois 78%        N/A       1%          3
 Inner Flame              Hex/Fire       78%        N/A       1%          3
 Ozocubu's Armour         Ice            78%        N/A       1%          3
 Portal Projectile        Hex/Tloc       100%       N/A       1%          3
 Summon Guardian Golem    Hex/Summ       78%        N/A       1%          3
 Teleport Other           Tloc           78%        N/A       1%          3
 Vampiric Draining        Necr           78%        2d11      1%          3
 Airstrike                Air            39%        2d(6-22)  1%          4
 Animate Armour           Summ/Erth      100%       N/A       1%          4
 Animate Dead             Necr           78%        N/A       1%          4
 Dispel Undead            Necr           78%        3d26      1%          4
 Flame Wave               Conj/Fire      78%        2d17      1%          4
 Fulminant Prism          Conj/Hex       39%        3d17      1%          4
 Iskenderun's Mystic Bla  Conj/Tloc      78%        2d16      1%          4
 Leda's Liquefaction      Hex/Erth       39%        N/A       1%          4
 Passage of Golubria      Tloc           78%        N/A       1%          4
 Sticky Flame             Conj/Fire      78%        2d9       1%          4
 Summon Lightning Spire   Summ/Air       78%        N/A       1%          4
 Vhi's Electric Charge    Tloc/Air       100%       N/A       1%          4
 Agony                    Necr           78%        N/A       1%          5
 Alistair's Intoxication  Tmut/Pois      52%        N/A       1%          5
 Arcjolt                  Conj/Air       39%        1d49      1%          5
 Borgnjor's Vile Clutch   Necr/Erth      39%        N/A       1%          5
 Iskenderun's Battlesphe  Conj           78%        2d13      1%          5
 Lee's Rapid Deconstruct  Erth           39%        3d19*     1%          5
 Metabolic Englaciation   Hex/Ice        39%        N/A       1%          5
 Silence                  Hex/Air        39%        N/A       1%          5
 Conjure Ball Lightning   Conj/Air       39%        3x3d13    3%          6
 Death Channel            Necr           39%        N/A       3%          6
 Eringya's Noxious Bog    Tmut/Pois      39%        4d6       3%          6
 Leda's Unmaking          Conj/Erth      39%        9d7       3%          6
 Simulacrum               Ice/Necr       39%        N/A       3%          6
 Haunt                    Necr/Summ      39%        N/A       19%         7
 Ozocubu's Refrigeration  Ice            39%        4d16      19%         7
 Spellforged Servitor     Conj/Summ      39%        N/A       19%         7
 Summon Hydra             Summ           39%        N/A       19%         7
 Discord                  Hex            39%        N/A       82%         8
 Disjunction              Tloc           39%        N/A       82%         8
 Ignition                 Fire           39%        3d12      82%         8
 Infestation              Necr           39%        N/A       82%         8
 Lehudib's Crystal Spear  Conj/Erth      39%        10d10     82%         8
 Maxwell's Capacitive Co  Air            39%        ∞         82%         8
 Polar Vortex             Ice            39%        12d5*     100%        9


Dungeon Overview and Level Annotations

Branches:
Dungeon (15/15)            Temple (1/1) D:7            Lair (5/5) D:10
  Swamp (4/4) Lair:3       Spider (4/4) Lair:2        Slime (0/5) Lair:5
    Orc (2/2) D:9             Elf (3/3) Orc:2        Vaults (5/5) D:13
  Crypt (3/3) Vaults:2       Tomb (0/3) Crypt:3      Depths (4/4) D:15
    Zot (5/5) Depths:4    Ossuary (visited)           IceCv (visited)
Volcano (visited)          WizLab (visited)         Gauntlet (visited)

Altars:
Ashenzari
Cheibriados
Dithmenos
Elyvilon
Fedhas
Gozag
Hepliaklqana
Kikubaaqudgha
Makhleb
Nemelex Xobeh
Okawaru
Qazlal
Ru
Sif Muna
Trog
Uskayaw
Vehumet
Wu Jian
Xom
Yredelemnul
Zin
The Shining One

Shops:
D:3 (   D:4 (   D:7 [   D:8 :[   Orc:2 (*(?   Elf:1 ::![   Elf:3 ?   Vaults:1 =

Portals:
Hell: Depths:1 Depths:2 Depths:3 Depths:4
Abyss: Depths:1 Depths:2 Depths:3 Depths:4
Pandemonium: Depths:2 Depths:4

Annotations:
Depths:1 2 transporters, Lysca's ghost, veteran BaSu


Innate Abilities, Weirdness & Mutations

Your life essence is reduced to manifest your ancestor. (-10% HP)
You have very sharp teeth.
Your uncanny sense of smell can sniff out nearby items.
Your experience applies equally to all skills.
You are clumsy. (Dex -2)
Your magical capacity is low. (-10% MP)
You are somewhat resistant to further mutation.


Message History

There is a stone staircase leading down here.
An Orb Guardian comes into view.
There is a stone staircase leading up here.
You climb upwards.
There is a stone staircase leading down, spattered with blood here.
Lucius is recalled.
You swap places.
Magic restored.
You see here a +0 whip.
An ice devil comes into view.
There is an open door here.
You slice the ice devil!!
The ice devil is heavily wounded.
You hit the ice devil. You bite the ice devil.
The ice devil is severely wounded.
Lucius casts a spell.
Lucius seems to speed up.
The ice devil barely misses you.
You slice the ice devil!!
You kill the ice devil!
You see here a +0 halberd.
There is an entrance to Suasias's Weapon Boutique here.
An Executioner comes into view.
Lucius closely misses the Executioner.
Lucius hits the Executioner with a +0 lajatang of freezing!!!
Lucius freezes the Executioner!
The Executioner gestures.
The Executioner seems to speed up.
Lucius hits the Executioner with a +0 lajatang of freezing!!!
Lucius freezes the Executioner.
The Executioner dies!
Lucius is no longer moving quickly.
There is a stone staircase leading up here.
You climb upwards.
There is a stone staircase leading down here.
There is a stone staircase leading up here.
You climb upwards.
There is a stone staircase leading down here.
There is a staircase leading out of the dungeon here.
You have escaped!

###......................###
####...##.####.####.####.##...##
..#..###...##...##...##...###..#
..#.## #.⌠.##.⌠.##.⌠.##.⌠.# ##.#
..#.####...##...##...##...####.#
..#...###.####.####.####.###...#
..#.⌠.###.####.####.####.###.⌠.#
..#.......(....................#
..##.##.........@..........##.##
..#............R...............#
..#.†.###.####.####.####.###.⌠.#
..#...###.####.####.####.###...#
..#.####...##...##...##...####.#
..#.## #.⌠.##.⌠.##.⌠.##.⌠.# ##.#
###..###...##...##...##...###..#
##....#.####.####.####.##...##
######......................###


You could see the friendly Lucius the battlemage.

Vanquished Creatures
  Tiamat (Zot:2)
  5 orbs of fire (Zot:5)
  3 dread liches
  A juggernaut (Zig:6)
  An ancient lich (Zot:4)
  Mennas (Vaults:2)
  Vv (Zot:1)
  2 pandemonium lords
  A Killer Klown (Zot:5)
  Bai Suzhen (Vaults:2)
  Margery (Vaults:2)
  A curse toe (Zot:4)
  Saint Roka (Depths:2)
  6 golden dragons
  Nikola (Spider:1)
  A bone dragon (Crypt:3)
  A Tzitzimitl (Zig:8)
  Jorgrun (Spider:1)
  10 tentacled monstrosities
  An Ice Fiend (Zig:8)
  15 Orb Guardians
  A walking frostbound tome (Depths:3)
  4 liches
  2 deep elf blademasters
  Zenata (Elf:1)
  Frances (Spider:2)
  A titan (Vaults:5)
  2 sphinxes (Vaults:3)
  A deep elf master archer (Zig:5)
  An acid blob (Lair:5)
  A quicksilver dragon (Depths:4)
  4 death cobs
  Aizul (Spider:3)
  A thorn hunter (Zig:2)
  Roxanne (Swamp:4)
  Kirke (D:13)
  3 tengu reavers
  A fenstrider witch (Swamp:2)
  5 storm dragons
  Agnes (Spider:3)
  Donald (Spider:2)
  A draconian monk (Zot:5)
  3 draconian knights
  4 shadow dragons
  3 fire giants
  2 deep elf sorcerers
  11 vault wardens
  A balrug (Depths:1)
  4 ghost moths
  2 frost giants
  A deep elf elementalist (Elf:3)
  A draconian scorcher (Zot:1)
  3 emperor scorpions
  2 draconian shifters
  3 draconian annihilators
  A ghoul (Crypt:1)
  A demonspawn corrupter (Depths:1)
  3 curse skulls
  3 orc warlords
  3 draconian stormcallers
  2 spriggan defenders (Depths:3)
  3 war gargoyles
  2 demonspawn blood saints (Zig:8)
  5 ironbound preservers
  2 formless jellyfish
  8 very ugly things
  A formless jellyfish (shapeshifter) (Vaults:5)
  6 stone giants
  A broodmother (Spider:2)
  A cacodemon (Depths:4)
  6 ironbound thunderhulks
  A caustic shrike skeleton (Crypt:3)
  6 vampire knights
  3 green draconians
  3 yellow draconians
  An eleionoma (Swamp:3)
  2 deep elf annihilators (Elf:3)
  2 deep elf demonologists
  2 dire elephants
  4 purple draconians
  Azrael (D:12)
  6 white draconians
  A minotaur (Lair:4)
  6 red draconians
  4 black draconians
  8 ettins
  6 spark wasps
  The ghost of PailKail the Severer, a journeyman DrBe of Trog (Orc:2)
  2 deep elf death magi
  2 iron golems (Zot:4)
  A green death (D:8)
  2 nameless horrors
  5 fire dragons
  3 crystal guardians (Crypt:3)
  A jiangshi (Crypt:1)
  A blizzard demon (D:7)
  2 great orbs of eyes
  A shambling mangrove (Swamp:3)
  5 yaktaur captains
  3 deep elf high priests
  5 entropy weavers
  9 ice dragons
  Erolcha (D:9)
  8 hydras
  A spriggan zombie (Crypt:3)
  3 hell beasts
  An ogre mage (Vaults:5)
  A rakshasa (Depths:2)
  An anaconda (shapeshifter) (Vaults:4)
  17 vault guards
  8 alligators
  A ghost crab (Swamp:1)
  4 ironbound frosthearts
  3 centaur warriors (Vaults:2)
  A jorogumo (Spider:4)
  4 spriggan air magi
  A catoblepas (Lair:5)
  2 death knights
  4 two-headed ogres
  A radroach (Spider:4)
  A fenstrider witch skeleton (Crypt:2)
  A sphinx skeleton (Depths:3)
  3 boulder beetles
  11 dancing weapons
  5 death scarabs (Spider:4)
  8 death yaks
  5 deep troll shamans
  3 spriggan berserkers
  A tengu warrior (Depths:4)
  2 vampire magi
  An orc high priest (Orc:2)
  3 demonic crawlers
  A sun demon (Depths:1)
  7 hell knights
  A titan skeleton (Crypt:3)
  A sixfirhy (Depths:4)
  7 pharaoh ants
  11 deep elf knights
  2 iron trolls
  10 skeletal warriors
  A shadow wraith (Vaults:2)
  A salamander mystic (Volcano)
  5 skysharks
  A flayed ghost (Crypt:2)
  30 deep trolls
  A goliath frog (Swamp:1)
  2 sun moths (Spider:3)
  A cherub (D:7)
  A spark wasp zombie (WizLab)
  An anaconda zombie (Crypt:3)
  5 bog bodies
  A spriggan druid (Swamp:2)
  8 wizards
  2 glowing orange brains
  6 orb spiders
  A spectral wolf spider (Spider:4)
  5 swamp dragons
  An obsidian statue (Zot:5)
  2 steelbarb worms (Spider:2)
  3 phantasmal warriors
  6 deep elf archers
  4 necromancers
  An iron dragon zombie (WizLab)
  13 ironbound convokers
  Pikel (D:4)
  7 lindwurms
  A goliath frog zombie (Crypt:1)
  11 deep elf pyromancers
  3 cyclopes
  12 deep elf zephyrmancers
  20 wolf spiders
  5 orc knights
  25 ugly things
  3 manticores
  3 will-o-the-wisps
  A fire giant zombie (WizLab)
  A fire giant skeleton (Depths:3)
  An orc sorcerer (D:15)
  A frost giant skeleton (Crypt:2)
  A shadow dragon skeleton (Crypt:2)
  5 elephants (Lair:5)
  16 moths of wrath
  11 vault sentinels
  5 black mambas
  A smoke demon (Depths:1)
  Joseph (D:9)
  A rust devil (Depths:4)
  Jeremiah (D:8)
  A torpor snail (shapeshifter) (D:15)
  3 molten gargoyles (Volcano)
  An orange demon (Zig:8)
  5 torpor snails
  2 gargoyles (Volcano)
  An unseen horror (D:7)
  8 cane toads
  2 centaur skeletons (D:15)
  An iron troll zombie (Crypt:2)
  A human zombie (WizLab)
  18 yaktaurs
  2 spectral redbacks (Spider:4)
  2 kobold demonologists
  2 rime drakes
  An efreet (D:15)
  7 komodo dragons
  A freezing wraith (Crypt:2)
  2 ice devils
  A minotaur skeleton (Crypt:1)
  2 red devils (Depths:2)
  6 polar bears
  A tengu simulacrum (Depths:3)
  4 tyrant leeches
  6 trolls
  A hydra skeleton (Crypt:3)
  A moth of wrath zombie (Crypt:1)
  5 meliai (Spider:3)
  2 spectral tarantellas (Spider:4)
  10 hornets
  6 hellwings
  A harpy skeleton (Crypt:2)
  12 blink frogs
  A jumping spider zombie (Spider:4)
  8 dream sheep
  A fire dragon zombie (Crypt:3)
  A spectral jumping spider (Spider:4)
  17 tarantellas
  A spectral culicivora (Spider:4)
  15 jumping spiders
  A shadow (D:5)
  11 slime creatures
  7 spriggans
  11 flying skulls (Crypt:3)
  A wyvern (D:7)
  4 air elementals
  9 culicivoras
  3 water elementals
  2 wraiths (Crypt:2)
  A battlemage (Vaults:2)
  An ettin skeleton (Crypt:2)
  39 yaks
  3 hogs (D:13)
  A human (shapeshifter) (D:11)
  4 basilisks
  8 fire elementals
  2 humans (D:13)
  17 redbacks
  2 neqoxecs (Depths:4)
  Eustachio (D:4)
  11 vampire mosquitoes
  2 steam dragons (D:8)
  3 wargs
  3 swamp worms
  An acid dragon (D:14)
  4 hell hounds
  4 swamp drakes
  11 water moccasins
  An ice beast (D:7)
  14 orc warriors
  A black bear (D:5)
  8 ogres
  20 wolves
  2 lemures
  8 centaurs
  A phantom (D:4)
  3 kobold brigands
  A necrophage (Crypt:1)
  3 bullfrogs
  4 earth elementals
  A scorpion (D:5)
  17 wights
  6 killer bees (D:8)
  5 howler monkeys
  An electric eel (Spider:2)
  A centaur zombie (Ossuary)
  3 hounds
  2 jellies (D:6)
  17 orc priests
  A gnoll bouda (D:8)
  A bullfrog skeleton (Crypt:1)
  A sleepcap (D:8)
  Ijyb (D:4)
  6 iguanas
  11 orc wizards
  4 hell rats (D:9)
  2 mummies (Ossuary)
  Robin (D:4)
  10 gnolls
  2 river rats
  6 adders
  A shadow imp (D:7)
  A swamp drake skeleton (Crypt:1)
  11 white imps
  An ufetubus (D:5)
  A jelly zombie (Crypt:1)
  3 adder zombies (Ossuary)
  4 worms
  3 dart slugs (D:1)
  45 orcs
  12 bats
  3 endoplasms
  2 giant cockroaches
  10 hobgoblins
  5 jackals
  22 kobolds
  3 quokkas
  7 ball pythons
  12 goblins
  A goblin zombie (Ossuary)
  3 hobgoblin zombies (Ossuary)
  2 jackal zombies (Ossuary)
  11 kobold zombies (Ossuary)
  14 orc zombies (Ossuary)
  2 rats
  A rat zombie (Ossuary)
1337 creatures vanquished.

Vanquished Creatures (collateral kills)
  5 orbs of fire
  2 ancient liches
  3 dread liches
  2 juggernauts
  2 Killer Klowns
  A curse toe (Zot:1)
  5 golden dragons
  the Enchantress (Depths:1)
  A profane servitor (Depths:4)
  3 electric golems
  Arachne (Spider:2)
  10 tentacled monstrosities
  A shard shrike zombie (Crypt:3)
  4 liches
  Rupert (D:13)
  Asterion (Spider:2)
  12 Orb Guardians (Zot:5)
  A deep elf blademaster (Elf:3)
  The ghost of Bediveer the Metamorph, an adept OgSh of Qazlal (Swamp:4)
  The ghost of dialectric the Bludgeoner, an adept MiFi of Jiyva (Vaults:1)
  4 quicksilver dragons
  2 titans (Vaults:5)
  An ancient champion (Crypt:1)
  An Executioner (D:3)
  3 sphinxes
  10 death cobs
  7 storm dragons
  A thorn hunter (Swamp:2)
  4 tengu reavers
  4 shadow dragons
  4 draconian monks
  An emperor scorpion (Spider:3)
  2 fire giants (Depths:2)
  8 deep elf sorcerers
  A draconian scorcher (Zot:2)
  7 vault wardens
  4 draconian knights
  Louise (Depths:3)
  A balrug (Zig:8)
  9 frost giants
  6 ghost moths
  6 draconian shifters
  A caustic shrike zombie (Crypt:2)
  A juggernaut zombie (WizLab)
  A draconian stormcaller (Zot:3)
  An orc warlord (Vaults:2)
  3 spriggan defenders (Depths:1)
  6 deep elf elementalists
  13 ironbound preservers
  3 broodmothers
  4 draconian annihilators
  6 ironbound thunderhulks
  3 war gargoyles
  3 formless jellyfish
  2 vampire knights
  9 very ugly things
  8 stone giants
  9 deep elf annihilators
  5 black draconians
  5 deep elf demonologists
  7 green draconians
  2 minotaurs
  4 spark wasps
  A bunyip (Swamp:3)
  An eleionoma (Swamp:4)
  9 purple draconians
  3 white draconians
  2 dire elephants (Vaults:1)
  7 red draconians
  5 yellow draconians
  2 iron golems (Zot:4)
  7 deep elf death magi
  A blizzard demon (D:11)
  A crystal guardian (Vaults:2)
  5 entropy weavers
  3 eidola
  A mummy priest (WizLab)
  8 ettins
  A fire dragon (Depths:3)
  5 deep elf high priests
  7 jiangshi
  5 yaktaur captains
  2 shambling mangroves
  4 great orbs of eyes
  2 spriggan air magi
  2 peacekeepers
  A rakshasa (D:14)
  4 ice dragons
  9 hydras
  16 vault guards
  A jorogumo (Spider:4)
  6 ironbound frosthearts
  An ogre mage (Vaults:5)
  A hell beast (D:10)
  A ghost crab (Swamp:1)
  A catoblepas (Gauntlet)
  A radroach (Spider:4)
  2 centaur warriors
  A two-headed ogre (D:9)
  2 alligators
  4 death yaks
  4 boulder beetles
  21 dancing weapons
  A spriggan skeleton (Crypt:3)
  5 deep troll shamans
  2 death knights
  2 titan zombies
  3 death scarabs (Spider:4)
  2 tengu warriors
  3 vampire magi (Crypt:2)
  2 demonic crawlers
  4 orc high priests (Orc:2)
  A soul eater (Depths:4)
  3 spriggan berserkers (Depths:1)
  A deep troll earth mage (Depths:1)
  11 hell knights
  7 deep elf knights
  A storm dragon zombie (Crypt:2)
  2 pharaoh ants
  14 skeletal warriors
  A salamander mystic (Volcano)
  2 shadow wraiths
  A shadow demon (Depths:1)
  31 deep trolls
  2 goliath frogs (Swamp:2)
  An orb spider (Spider:1)
  2 spriggan druids
  2 wizards (Vaults:2)
  A glowing orange brain (Depths:4)
  2 flayed ghosts
  9 swamp dragons
  12 deep elf archers
  An orange crystal statue (Zot:5)
  3 bog bodies
  2 spectral wolf spiders (Spider:4)
  A bunyip skeleton (Crypt:2)
  12 necromancers
  A steelbarb worm (Spider:2)
  2 steelbarb worms (shapeshifter)
  8 orc knights
  14 ironbound convokers
  5 phantasmal warriors
  A spectral jorogumo (Spider:4)
  A stone giant zombie (WizLab)
  6 lindwurms
  An orc sorcerer (Zig:6)
  12 deep elf zephyrmancers
  14 deep elf pyromancers
  3 wolf spiders
  3 manticores
  3 will-o-the-wisps (Swamp:3)
  11 ugly things
  2 cyclopes
  A moth of wrath (shapeshifter) (Depths:3)
  A salamander (Depths:3)
  A naga zombie (Crypt:3)
  16 moths of wrath
  A rust devil (Depths:4)
  An elephant (Lair:5)
  A guardian serpent (shapeshifter) (Vaults:5)
  2 black mambas
  An ice statue (IceCv)
  A naga mage (D:15)
  A demonspawn zombie (WizLab)
  The ghost of Eugor the Thaumaturge, a novice DECj (D:6)
  3 molten gargoyles
  4 gargoyles
  6 cane toads
  3 centaur skeletons
  2 torpor snails
  9 vault sentinels
  An efreet (Zot:2)
  3 freezing wraiths
  4 spriggan zombies
  12 yaktaurs
  7 komodo dragons
  4 rime drakes
  A smoke demon (D:7)
  A kobold demonologist (D:11)
  2 guardian mummies (WizLab)
  An alligator snapping turtle skeleton (Crypt:3)
  An ice devil (Depths:4)
  A meliai (Spider:3)
  A yellow draconian skeleton (Crypt:2)
  2 red devils
  A bloated husk (Swamp:4)
  2 polar bears
  7 trolls
  5 tyrant leeches
  A spectral culicivora (Spider:4)
  3 spectral jumping spiders (Spider:4)
  An ettin zombie (WizLab)
  A harpy skeleton (Crypt:3)
  3 hellwings
  7 hornets
  3 spectral tarantellas (Spider:4)
  A deep troll zombie (WizLab)
  A guardian serpent zombie (Crypt:1)
  7 blink frogs
  5 dream sheep
  10 tarantellas
  23 flying skulls (Crypt:3)
  A fire dragon zombie (Crypt:3)
  15 slime creatures
  6 jumping spiders
  A guardian serpent skeleton (Crypt:2)
  2 air elementals
  A vampire (D:11)
  2 shadows
  9 culicivoras
  4 wraiths
  9 spriggans
  2 wyverns
  5 water elementals
  A tyrant leech zombie (Crypt:1)
  16 fire elementals (Zot:2)
  5 basilisks
  19 yaks
  2 humans (D:13)
  2 steam dragons (Lair:5)
  15 redbacks
  A chaos spawn (D:12)
  8 vampire mosquitoes
  A warg (Zig:7)
  5 swamp worms
  A glowing shapeshifter zombie (Crypt:1)
  An acid dragon (Lair:5)
  2 water moccasins
  A floating eye (Depths:2)
  8 swamp drakes
  An elf zombie (WizLab)
  25 orc warriors
  5 centaurs
  9 ogres
  8 wolves
  A bullfrog (Lair:2)
  A necrophage (Crypt:3)
  A gnoll sergeant (D:10)
  4 earth elementals
  2 wights
  A wyvern skeleton (Crypt:1)
  A raiju zombie (WizLab)
  A polar bear zombie (Crypt:2)
  3 electric eels (Spider:2)
  15 orc priests
  Crazy Yiuf (D:3)
  2 iguanas (Lair:5)
  7 orc wizards
  A gnoll (D:9)
  3 white imps (Lair:5)
  19 orcs
1070 creatures vanquished.

Vanquished Creatures (others)
  A golden dragon (Zot:4)
  A demonspawn black sun (Zig:8)
  A vault guard (D:13)
  A hydra (Swamp:1)
  An alligator (Swamp:3)
  A hell knight (Vaults:2)
  A deep elf archer (Zig:9)
  A deep elf zephyrmancer (Elf:2)
  A wizard (Depths:2)
  A necromancer (Crypt:3)
  An unseen horror (D:11)
  A tyrant leech (Swamp:4)
  A bloated husk (Swamp:3)
  A tarantella (Spider:3)
  A hornet (Swamp:1)
  A spriggan (Swamp:1)
  A culicivora (Spider:1)
  6 humans (D:13)
  A redback (Spider:3)
  A bullfrog (D:9)
  A wight (D:7)
  An ancestor (D:9)
  95 battlemagi
  20 foxfires
  57 snaplasher vines
199 creatures vanquished.

Grand Total: 2606 creatures vanquished

Notes
Turn   | Place    | Note
-------+----------+-------------------------------------------
     0 | D:1      | cforsyth the Gnoll Artificer began the quest for the Orb.
     0 | D:1      | Reached XP level 1. HP: 17/17 MP: 1/1
   308 | D:1      | Reached XP level 2. HP: 23/23 MP: 2/2
   581 | D:1      | Reached XP level 3. HP: 28/28 MP: 3/3
   821 | D:2      | Identified the +3 sling of the Crushed Loafs {flame, Dex+3}
   847 | D:2      | Reached skill level 1 in Invocations
  1060 | D:2      | Reached skill level 1 in Short Blades
  1060 | D:2      | Reached skill level 1 in Long Blades
  1060 | D:2      | Reached skill level 1 in Axes
  1060 | D:2      | Reached skill level 1 in Maces & Flails
  1060 | D:2      | Reached skill level 1 in Polearms
  1060 | D:2      | Reached skill level 1 in Staves
  1060 | D:2      | Reached skill level 1 in Ranged Weapons
  1060 | D:2      | Reached skill level 1 in Throwing
  1060 | D:2      | Reached skill level 1 in Shields
  1060 | D:2      | Reached skill level 1 in Unarmed Combat
  1060 | D:2      | Reached skill level 1 in Spellcasting
  1321 | D:2      | Reached XP level 4. HP: 34/34 MP: 5/5
  1332 | D:2      | Reached skill level 1 in Shapeshifting
  1710 | D:3      | Reached skill level 1 in Conjurations
  1710 | D:3      | Reached skill level 1 in Hexes
  1710 | D:3      | Reached skill level 1 in Summonings
  1710 | D:3      | Reached skill level 1 in Necromancy
  1710 | D:3      | Reached skill level 1 in Translocations
  1710 | D:3      | Reached skill level 1 in Transmutations
  1710 | D:3      | Reached skill level 1 in Fire Magic
  1710 | D:3      | Reached skill level 1 in Ice Magic
  1710 | D:3      | Reached skill level 1 in Air Magic
  1710 | D:3      | Reached skill level 1 in Earth Magic
  1710 | D:3      | Reached skill level 1 in Poison Magic
  1784 | D:3      | Reached XP level 5. HP: 38/40 MP: 5/7
  1824 | D:3      | Found Suasias's Weapon Boutique.
  2012 | D:3      | Found a runed translucent door.
  2013 | D:3      | Noticed Crazy Yiuf
  2097 | D:3      | Found the +3 pair of gauntlets of War {Slay+5}
  2101 | D:3      | Found an iron altar of Okawaru.
  2600 | D:4      | Noticed Ijyb
  2613 | D:4      | Killed Ijyb
  2806 | D:4      | Found a sand-covered staircase.
  2816 | Ossuary  | Entered an ossuary
  2831 | Ossuary  | Reached XP level 6. HP: 47/47 MP: 8/8
  2985 | Ossuary  | Reached skill level 5 in Armour
  2993 | Ossuary  | Reached skill level 2 in Maces & Flails
  3166 | D:4      | Noticed Robin
  3341 | D:4      | Killed Robin
  3462 | D:4      | Found Laofryu's Antique Weapon Emporium.
  3615 | D:4      | Noticed Eustachio
  3617 | D:4      | Noticed Pikel
  3625 | D:4      | Your ally Eustachio died
  3626 | D:4      | Reached XP level 7. HP: 52/52 MP: 10/10
  3635 | D:4      | Killed Pikel
  3636 | D:4      | Reached skill level 3 in Maces & Flails
  3636 | D:4      | Reached XP level 8. HP: 58/60 MP: 10/12
  3751 | D:5      | Entered Level 5 of the Dungeon
  4180 | D:5      | Noticed a shadow
  4193 | D:5      | Killed a shadow
  4194 | D:5      | Reached XP level 9. HP: 60/66 MP: 14/14
  4532 | D:6      | Found a hide-covered altar of Uskayaw.
  4586 | D:6      | Reached skill level 4 in Maces & Flails
  4928 | D:6      | Reached skill level 5 in Fighting
  4928 | D:6      | Reached skill level 5 in Dodging
  5002 | D:6      | Reached skill level 5 in Stealth
  5185 | D:6      | Found a runed translucent door.
  5190 | D:6      | Noticed Eugor's ghost (novice DECj)
  5608 | D:7      | Noticed a hornet
  5614 | D:7      | Killed a hornet
  5615 | D:7      | Reached skill level 5 in Invocations
  5700 | D:7      | Noticed an unseen horror
  5702 | D:7      | Killed an unseen horror
  5850 | D:7      | Found Xalogio's Antique Armour Shoppe.
  5859 | D:7      | Bought a runed helmet for 150 gold pieces
  5973 | D:7      | Found a staircase to the Ecumenical Temple.
  5984 | D:7      | Reached XP level 10. HP: 47/75 MP: 17/17
  5989 | Temple   | Entered the Ecumenical Temple
  5996 | Temple   | Became a worshipper of Hepliaklqana the Forgotten
  6164 | D:7      | Reached skill level 5 in Short Blades
  6164 | D:7      | Reached skill level 5 in Long Blades
  6164 | D:7      | Reached skill level 5 in Axes
  6164 | D:7      | Reached skill level 5 in Maces & Flails
  6164 | D:7      | Reached skill level 5 in Polearms
  6164 | D:7      | Reached skill level 5 in Staves
  6164 | D:7      | Reached skill level 5 in Ranged Weapons
  6164 | D:7      | Reached skill level 5 in Throwing
  6164 | D:7      | Reached skill level 5 in Shields
  6164 | D:7      | Reached skill level 5 in Unarmed Combat
  6164 | D:7      | Reached skill level 5 in Spellcasting
  6744 | D:8      | Noticed Jeremiah
  6913 | D:8      | Killed Jeremiah
  6927 | D:8      | Found Nocianaj's Book Boutique.
  7029 | D:8      | Reached skill level 5 in Shapeshifting
  7087 | D:8      | Reached * piety under Hepliaklqana
  7337 | D:8      | Found a basalt altar of Yredelemnul.
  7337 | D:8      | Found a glowing golden altar of the Shining One.
  7337 | D:8      | Found a shadowy altar of Dithmenos.
  7359 | D:8      | Found Esiaguci's Armour Emporium.
  7738 | D:9      | Noticed Joseph
  7764 | D:9      | Killed Joseph
  8136 | D:9      | Learned a level 3 spell: Stone Arrow
  8149 | D:9      | Noticed a two-headed ogre
  8157 | D:9      | Paralysed by a hornet for 2 turns
  8167 | D:9      | Killed a two-headed ogre
  8168 | D:9      | Reached skill level 6 in Maces & Flails
  8742 | D:9      | Noticed a kobold demonologist
  8756 | D:9      | Killed a kobold demonologist
  8757 | D:9      | Reached XP level 11. HP: 74/74 MP: 19/19
  8837 | D:9      | Noticed Erolcha
  8845 | D:9      | Killed Erolcha
  8846 | D:9      | Reached skill level 5 in Conjurations
  8846 | D:9      | Reached skill level 5 in Hexes
  8846 | D:9      | Reached skill level 5 in Summonings
  8846 | D:9      | Reached skill level 5 in Necromancy
  8846 | D:9      | Reached skill level 5 in Translocations
  8846 | D:9      | Reached skill level 5 in Transmutations
  8846 | D:9      | Reached skill level 5 in Fire Magic
  8846 | D:9      | Reached skill level 5 in Ice Magic
  8846 | D:9      | Reached skill level 5 in Air Magic
  8846 | D:9      | Reached skill level 5 in Earth Magic
  8846 | D:9      | Reached skill level 5 in Poison Magic
  9083 | D:9      | Found a shimmering altar of Xom.
  9159 | D:9      | Found a blossoming altar of Fedhas.
  9304 | D:9      | Found a staircase to the Orcish Mines.
  9506 | D:10     | Entered Level 10 of the Dungeon
  9825 | D:10     | Noticed a death yak
  9854 | D:10     | Noticed a death yak
 10017 | D:10     | Noticed a death yak
 10032 | D:9      | Killed a death yak
 10032 | D:9      | Killed a death yak
 10033 | D:9      | Reached skill level 7 in Maces & Flails
 10394 | D:10     | Reached ** piety under Hepliaklqana
 10395 | D:10     | Remembered your ancestor Lucius as a battlemage
 10673 | D:9      | Killed a death yak
 10912 | D:10     | Found a staircase to the Lair.
 10998 | D:10     | Found a white marble altar of Elyvilon.
 11055 | D:10     | Found a broken altar of Ashenzari.
 11163 | D:10     | Found a snail-covered altar of Cheibriados.
 11309 | D:11     | Noticed a manticore
 11320 | D:11     | Killed a manticore
 11508 | D:11     | Reached skill level 8 in Maces & Flails
 11519 | D:11     | Noticed a manticore
 11527 | D:11     | Killed a manticore
 11614 | D:11     | Noticed a two-headed ogre
 11622 | D:11     | Killed a two-headed ogre
 11623 | D:11     | Reached XP level 12. HP: 81/81 MP: 9/22
 11745 | D:11     | Noticed a two-headed ogre
 11751 | D:11     | Killed a two-headed ogre
 12235 | D:12     | Noticed a two-headed ogre
 12240 | D:12     | Killed a two-headed ogre
 12285 | D:12     | Found a gate leading to a gauntlet.
 12295 | Gauntlet | Entered a Gauntlet
 12295 | Gauntlet | Noticed a catoblepas
 12295 | Gauntlet | Found a transporter.
 12295 | Gauntlet | Found a transporter.
 12353 | Gauntlet | Found a transporter.
 12357 | Gauntlet | Found a transporter.
 12359 | Gauntlet | Noticed a hell beast
 12367 | Gauntlet | Found a transporter.
 12388 | Gauntlet | Found a transporter.
 12394 | Gauntlet | Found a transporter.
 12402 | Gauntlet | Found a transporter.
 12419 | Gauntlet | Found a transporter.
 12423 | Gauntlet | Noticed a death scarab
 12427 | Gauntlet | Found a transporter.
 12431 | Gauntlet | Found the necklace of Bloodlust {Fury *Rage Will++ Int-3
                  | Slay+6}
 12445 | Gauntlet | Found a transporter.
 12468 | Gauntlet | Found a transporter.
 12572 | Gauntlet | HP: 2/82 [molten gargoyle/bolt of magma (24)]
 12573 | Gauntlet | Killed a catoblepas
 12584 | Gauntlet | Reached skill level 10 in Evocations
 12587 | Gauntlet | Reached skill level 9 in Maces & Flails
 12883 | Gauntlet | Identified the +2 pair of boots of Tialomn {Will+}
 12933 | Gauntlet | Killed a hell beast
 12937 | Gauntlet | Identified the ring "Xiha" {rPois Dex+4}
 13044 | Gauntlet | Identified the ring "Duanesila" {rElec rF+ Will+ Str+2
                  | Dex+6}
 13044 | Gauntlet | Noticed a minotaur
 13053 | Gauntlet | Killed a minotaur
 13380 | D:12     | Identified the +3 ring mail of Apaa {rCorr Int+2}
 13851 | D:12     | Reached XP level 13. HP: 89/89 MP: 6/25
 14302 | Lair:1   | Entered Level 1 of the Lair of Beasts
 14494 | D:4      | Reached skill level 10 in Maces & Flails
 14502 | D:4      | Bought a faintly glowing long sword for 246 gold pieces
 14502 | D:4      | Identified the +1 long sword "Jellyslayer" {freeze, rN+}
                  | (You bought it in a shop on level 4 of the Dungeon)
 14939 | Lair:1   | Reached *** piety under Hepliaklqana
 16538 | Lair:2   | You fall into a shaft and drop 1 floor!
 16707 | Lair:3   | Found a staircase to the Swamp.
 16770 | Lair:3   | Reached skill level 11 in Maces & Flails
 16910 | Lair:3   | Reached **** piety under Hepliaklqana
 17043 | Lair:3   | Reached skill level 10 in Armour
 17337 | Lair:2   | Found a hole to the Spider Nest.
 17513 | Lair:2   | Reached XP level 14. HP: 97/97 MP: 25/27
 17961 | Lair:4   | Reached skill level 10 in Invocations
 18379 | Lair:4   | Found a runed translucent door.
 19182 | Lair:5   | Entered Level 5 of the Lair of Beasts
 19315 | Lair:5   | Found a frozen archway.
 19359 | IceCv    | Entered an ice cave
 19488 | IceCv    | Reached skill level 12 in Maces & Flails
 20810 | IceCv    | Reached ***** piety under Hepliaklqana
 21092 | IceCv    | Reached skill level 10 in Fighting
 21092 | IceCv    | Reached skill level 10 in Dodging
 21311 | IceCv    | Reached skill level 10 in Stealth
 22362 | Lair:5   | Reached XP level 15. HP: 59/103 MP: 18/28
 22687 | Lair:5   | Reached skill level 10 in Short Blades
 22687 | Lair:5   | Reached skill level 10 in Long Blades
 22687 | Lair:5   | Reached skill level 10 in Axes
 22687 | Lair:5   | Reached skill level 10 in Polearms
 22687 | Lair:5   | Reached skill level 10 in Staves
 22687 | Lair:5   | Reached skill level 10 in Ranged Weapons
 22687 | Lair:5   | Reached skill level 10 in Throwing
 22687 | Lair:5   | Reached skill level 10 in Shields
 22687 | Lair:5   | Reached skill level 10 in Unarmed Combat
 22687 | Lair:5   | Reached skill level 10 in Spellcasting
 23264 | Lair:5   | Reached skill level 13 in Maces & Flails
 23368 | Lair:5   | Found a runed translucent door.
 23369 | Lair:5   | Noticed an acid blob
 23552 | Lair:5   | Found a staircase to the Slime Pits.
 24088 | Orc:1    | Entered Level 1 of the Orcish Mines
 24439 | Orc:2    | Entered Level 2 of the Orcish Mines
 24466 | Orc:2    | Found a dark tunnel.
 24506 | Volcano  | Entered a volcano
 24563 | Volcano  | Noticed an orb of fire
 24610 | Volcano  | Noticed an orb of fire
 25099 | Orc:2    | Found a runed translucent door.
 25103 | Orc:2    | Noticed PailKail's ghost (journeyman DrBe)
 25482 | Orc:2    | Found a staircase to the Elven Halls.
 26122 | Orc:2    | Found Joerogh's Magic Scroll Boutique.
 26122 | Orc:2    | Found Zuement's Weapon Boutique.
 26123 | Orc:2    | Found Puc Ukoa's General Store.
 26123 | Orc:2    | Found Jainaom's Antique Weapon Boutique.
 26130 | Orc:2    | Bought a scroll of identify for 30 gold pieces
 26130 | Orc:2    | Bought a scroll of blinking for 112 gold pieces
 26130 | Orc:2    | Bought a scroll of identify for 30 gold pieces
 26137 | Orc:2    | Identified a scroll of acquirement
 26199 | Orc:2    | Killed PailKail's ghost
 26332 | Orc:2    | Acquired a book of the Wilderness
 26340 | Orc:2    | Learned a level 5 spell: Summon Forest
 26346 | Orc:2    | Learned a level 5 spell: Summon Mana Viper
 26463 | D:13     | Noticed Azrael
 26469 | D:12     | Killed Azrael
 26960 | D:13     | Reached XP level 16. HP: 84/112 MP: 30/30
 27035 | D:13     | Noticed Rupert
 27041 | D:13     | Killed Rupert
 27274 | D:13     | Reached skill level 14 in Maces & Flails
 27305 | D:13     | Noticed Kirke
 27314 | D:13     | Killed Kirke
 27320 | D:13     | Reached skill level 10 in Shapeshifting
 27524 | D:13     | Found a gate to the Vaults.
 27766 | D:13     | Found a shimmering blue altar of Sif Muna.
 28862 | D:15     | Entered Level 15 of the Dungeon
 28995 | D:15     | Reached ****** piety under Hepliaklqana
 29146 | D:15     | Found a staircase to the Depths.
 29935 | Spider:1 | Entered Level 1 of the Spider Nest
 30235 | Spider:1 | Noticed Jorgrun
 30255 | Spider:1 | Killed Jorgrun
 30849 | Spider:1 | Noticed Nikola
 30861 | Spider:1 | Killed Nikola
 31817 | Spider:2 | Reached skill level 15 in Maces & Flails
 32093 | Spider:2 | Reached XP level 17. HP: 107/119 MP: 32/32
 32519 | Spider:2 | Noticed Frances
 32953 | Spider:2 | Noticed Donald
 32960 | Spider:2 | Noticed Arachne
 32964 | Spider:2 | Killed Donald
 32978 | Spider:2 | Killed Arachne
 33554 | Spider:2 | Killed Frances
 33695 | Spider:2 | Reached skill level 10 in Conjurations
 33695 | Spider:2 | Reached skill level 10 in Hexes
 33695 | Spider:2 | Reached skill level 10 in Summonings
 33695 | Spider:2 | Reached skill level 10 in Necromancy
 33695 | Spider:2 | Reached skill level 10 in Translocations
 33695 | Spider:2 | Reached skill level 10 in Transmutations
 33695 | Spider:2 | Reached skill level 10 in Fire Magic
 33695 | Spider:2 | Reached skill level 10 in Ice Magic
 33695 | Spider:2 | Reached skill level 10 in Air Magic
 33695 | Spider:2 | Reached skill level 10 in Earth Magic
 33695 | Spider:2 | Reached skill level 10 in Poison Magic
 34921 | Spider:3 | Noticed Asterion
 34942 | Spider:3 | Noticed Aizul
 35355 | Spider:3 | Killed Aizul
 37057 | Spider:3 | HP: 6/120 [poisoned by a redback]
 37062 | Spider:3 | HP: 3/120 [poisoned by a redback]
 37703 | Spider:4 | Entered Level 4 of the Spider Nest
 37708 | Spider:4 | Noticed Agnes
 37723 | Spider:3 | Killed Agnes
 39091 | Spider:4 | Reached skill level 16 in Maces & Flails
 40037 | Spider:4 | Reached XP level 18. HP: 121/126 MP: 34/34
 42727 | Spider:4 | Got a gossamer rune of Zot
 42733 | Spider:4 | Identified the +0 hat "Fuzuhori" {Rampage Dex+5 Stlth+}
 43031 | Swamp:1  | Entered Level 1 of the Swamp
 43803 | Swamp:1  | You fall into a shaft and drop 1 floor!
 45088 | Swamp:2  | Identified the +11 rapier of Qahimirch {drain, *Rage
                  | Will+++ rCorr Stlth-}
 45409 | Swamp:2  | Acquired 759 gold pieces
 45851 | Swamp:3  | Reached skill level 17 in Maces & Flails
 46420 | Swamp:4  | Entered Level 4 of the Swamp
 46748 | Swamp:3  | Reached XP level 19. HP: 67/134 MP: 14/36
 49510 | Swamp:4  | Noticed Roxanne
 49674 | Swamp:4  | Got a decaying rune of Zot
 49724 | Swamp:4  | Found a runed translucent door.
 49724 | Swamp:4  | Found a shimmering altar of Xom.
 49724 | Swamp:4  | Noticed Bediveer's ghost (adept OgSh)
 50040 | Swamp:4  | Killed Bediveer's ghost
 50103 | Swamp:4  | Identified the +1 leather armour "Remuohaz" {-Tele rC+
                  | Str+6}
 50357 | Vaults:1 | Entered Level 1 of the Vaults
 51096 | Vaults:1 | HP: 6/135 [ironbound frostheart/creeping frost (13)]
 52114 | Vaults:1 | Reached skill level 18 in Maces & Flails
 52217 | Vaults:1 | Reached skill level 15 in Evocations
 52529 | Vaults:1 | Found Dodegurph's Jewellery Shop.
 52537 | Vaults:1 | Bought the ring of Himam {rF+ rC+ rN+ rCorr SInv} for 508
                  | gold pieces
 53068 | Vaults:2 | Reached XP level 20. HP: 132/142 MP: 26/37
 53397 | Vaults:2 | Noticed Bai Suzhen
 53501 | Vaults:2 | Killed Bai Suzhen
 53647 | Vaults:2 | Found a staircase to the Crypt.
 53833 | Vaults:2 | Reached skill level 15 in Invocations
 54382 | Vaults:2 | Noticed Mennas
 54382 | Vaults:2 | Noticed Margery
 55244 | Vaults:2 | Found a runed translucent gate.
 55247 | Vaults:2 | Found a runed translucent gate.
 55248 | Vaults:2 | Found a runed translucent gate.
 55249 | Vaults:2 | Noticed dialectric's ghost (adept MiFi)
 55476 | Vaults:2 | You fall into a shaft and drop 1 floor!
 55953 | Vaults:3 | Learned a level 3 spell: Tukima's Dance
 55959 | Vaults:3 | Learned a level 5 spell: Yara's Violent Unravelling
 55966 | Vaults:3 | Learned a level 6 spell: Summon Cactus Giant
 56153 | Vaults:2 | Killed Margery
 56319 | Vaults:2 | Found an iron altar of Okawaru.
 56502 | Vaults:1 | Killed dialectric's ghost
 56970 | Vaults:2 | Killed Mennas
 57124 | Vaults:2 | Found a staircase to the Crypt.
 58922 | Vaults:3 | Identified the +1 leather armour "Kusig" {rC++ Slay+2
                  | Stlth+}
 58993 | Vaults:3 | Reached skill level 19 in Maces & Flails
 59077 | Vaults:3 | Reached skill level 15 in Armour
 59224 | Vaults:3 | Reached XP level 21. HP: 148/149 MP: 39/39
 60118 | Vaults:4 | Found a magical portal.
 60123 | WizLab   | Entered Doroklohe's Tomb
 60498 | WizLab   | Noticed a dread lich
 60513 | WizLab   | Killed a dread lich
 60905 | WizLab   | Identified the +1 leather armour of the Comet {rF- Will+
                  | Int+3 SInv}
 61004 | WizLab   | Identified the +1 robe of Hocohith {rN+}
 61772 | Vaults:4 | Paralysed by a formless jellyfish for 1 turns
 63301 | Vaults:4 | Reached skill level 15 in Fighting
 63301 | Vaults:4 | Reached skill level 15 in Dodging
 63529 | Vaults:4 | Identified the +1 shortbow "Giantslayer" {elec, rElec
                  | rPois}
 64032 | Elf:1    | Entered Level 1 of the Elven Halls
 64043 | Elf:1    | Found Hihuemieg's Antique Armour Emporium.
 64048 | Elf:1    | Bought an encrusted helmet for 389 gold pieces
 64048 | Elf:1    | Identified the +2 helmet of Adghia {Int+2} (You bought it
                  | in a shop on level 1 of the Elven Halls)
 64048 | Elf:1    | Bought a dazzling helmet for 389 gold pieces
 64048 | Elf:1    | Identified the +0 helmet of Kikubaaqudgha's Envy {Rampage
                  | *Slow rElec SInv} (You bought it in a shop on level 1 of
                  | the Elven Halls)
 64111 | Elf:1    | Found Fong's Book Boutique.
 64124 | Elf:1    | Reached skill level 15 in Stealth
 64321 | Elf:1    | Found Itzil's Book Boutique.
 64407 | Elf:1    | You fall into a shaft and drop 1 floor!
 64489 | Elf:2    | Found a runed translucent gate.
 64489 | Elf:2    | Found a runed translucent gate.
 64489 | Elf:2    | Found a runed translucent gate.
 64753 | Elf:2    | Reached skill level 15 in Short Blades
 64753 | Elf:2    | Reached skill level 15 in Long Blades
 64753 | Elf:2    | Reached skill level 15 in Axes
 64753 | Elf:2    | Reached skill level 15 in Polearms
 64753 | Elf:2    | Reached skill level 15 in Staves
 64753 | Elf:2    | Reached skill level 15 in Ranged Weapons
 64753 | Elf:2    | Reached skill level 15 in Throwing
 64753 | Elf:2    | Reached skill level 15 in Shields
 64753 | Elf:2    | Reached skill level 15 in Unarmed Combat
 64753 | Elf:2    | Reached skill level 15 in Spellcasting
 65449 | Elf:2    | Reached XP level 22. HP: 143/157 MP: 41/41
 65580 | Elf:2    | Reached skill level 20 in Maces & Flails
 66025 | Elf:1    | Noticed Zenata
 66039 | Elf:1    | Killed Zenata
 66552 | Elf:1    | Found Voohire's Distillery.
 66609 | Elf:1    | Paralysed by an air elemental for 1 turns
 66888 | Elf:3    | Entered Level 3 of the Elven Halls
 67009 | Elf:3    | Found an ancient bone altar of Kikubaaqudgha.
 67095 | Elf:3    | Found The Oracle's Delphic Readings.
 67107 | Elf:3    | Bought a scroll of blinking for 105 gold pieces
 68156 | Elf:3    | Identified the +4 hand axe "Jinn" {pain, Int+2 SInv}
 68452 | Elf:3    | Identified the +12 plate armour of Xurroyn {rN+++ Regen+
                  | Str+4 Stlth-}
 68472 | Elf:3    | Identified the +5 rapier "Blob" {freeze, rElec Int+2}
 68708 | Elf:3    | Identified the +8 plate armour of the Unicorn {rPois
                  | Stlth+}
 68728 | Elf:3    | Identified the ring "Fito" {rC+ Dex+3}
 68733 | Elf:3    | Identified the ring of the Tentacled God {Fly rCorr Dex+2}
 68817 | Elf:3    | Identified the staff "Kiom" {rElec rF+ Fire}
 68825 | Elf:3    | Identified the +3 great sword "Babi" {freeze, rC+ Str+2
                  | Stlth+}
 68850 | Elf:3    | Identified the +9 arbalest of Slime {freeze, rF+ rN+ rCorr
                  | Int-3}
 69465 | Crypt:1  | Entered Level 1 of the Crypt
 70068 | Crypt:1  | Identified the +1 whip of the Morning {drain, SInv}
 70300 | Crypt:2  | Reached XP level 23. HP: 164/164 MP: 35/42
 70747 | Crypt:2  | Identified the +0 chain mail of the Arcane {Str+4}
 70790 | Crypt:3  | Entered Level 3 of the Crypt
 70808 | Crypt:3  | Reached skill level 21 in Maces & Flails
 71613 | Crypt:3  | Identified the ring "Resitaw" {*Corrode rElec rN+ Dex+2
                  | Slay+6}
 71616 | Crypt:3  | Noticed a dread lich
 71625 | Crypt:3  | Killed a dread lich
 71716 | Crypt:3  | Found a basalt altar of Yredelemnul.
 71765 | Crypt:3  | Got the Elucidation of Refrigeration
 72005 | Crypt:3  | Found a staircase to the Tomb.
 72481 | Crypt:3  | Identified the ring "Xacote" {Fly rF+ rN+ rCorr}
 72733 | Vaults:5 | Entered Level 5 of the Vaults
 72733 | Vaults:5 | Noticed a golden dragon
 73001 | Vaults:5 | Noticed a dread lich
 73553 | Vaults:4 | Killed a dread lich
 73554 | Vaults:4 | Reached skill level 15 in Shapeshifting
 73873 | Vaults:4 | Reached XP level 24. HP: 137/173 MP: 34/43
 74369 | Vaults:5 | Reached skill level 22 in Maces & Flails
 75061 | Vaults:5 | Identified the ring "Omminaniupt" {MP+9 Str+2 Dex+3 Slay-2
                  | Stlth+}
 75211 | Vaults:5 | Got a silver rune of Zot
 75412 | Vaults:5 | Identified the +7 chain mail "Hahi" {Str+2}
 75614 | Vaults:5 | Identified the +1 robe "Plog" {rElec Str+3 Dex-4}
 75962 | Vaults:5 | Identified the +0 orcbow of the Lair of Beasts {elec, rC++
                  | Str+4 Dex-2}
 76205 | Depths:1 | Entered Level 1 of the Depths
 76233 | Depths:1 | Found a one-way gate to the infinite horrors of the Abyss.
 76233 | Depths:1 | Identified the +4 tower shield of Ignis's Delight {Str+5
                  | Dex+2 Stlth+}
 76245 | Depths:1 | Found a transporter.
 76267 | Depths:1 | Found a transporter.
 76271 | Depths:1 | Noticed an ancient lich
 76279 | Depths:1 | Noticed Lysca's ghost (veteran BaSu)
 76572 | D:3      | Killed Crazy Yiuf
 76724 | D:6      | Killed Eugor's ghost
 77130 | Swamp:4  | Killed Roxanne
 77346 | Spider:2 | Killed Asterion
 78150 | Depths:1 | Noticed the Enchantress
 78164 | Depths:1 | Killed the Enchantress
 78380 | Depths:1 | Found a gateway to Hell.
 78723 | Depths:1 | Found a shimmering altar of Xom.
 79323 | Depths:2 | Noticed Saint Roka
 79340 | Depths:2 | Killed Saint Roka
 79401 | Depths:2 | Found a one-way gate leading to the halls of Pandemonium.
 79744 | Depths:2 | Reached XP level 25. HP: 171/180 MP: 43/44
 79865 | Depths:2 | Noticed a juggernaut
 80073 | Depths:2 | Killed a juggernaut
 80174 | Depths:2 | Found a one-way gateway to a ziggurat.
 80507 | Depths:2 | Paralysed by a floating eye for 3 turns
 80511 | Depths:2 | Paralysed by a floating eye for 2 turns
 80591 | Depths:2 | Learned a level 2 spell: Blink
 80596 | Depths:2 | Learned a level 4 spell: Manifold Assault
 80720 | Depths:3 | Found a flickering gateway to a bazaar.
 80771 | Depths:3 | Noticed Louise
 80781 | Depths:3 | Killed Louise
 80949 | Depths:3 | Reached skill level 23 in Maces & Flails
 81036 | Bazaar   | Entered a bazaar
 81068 | Bazaar   | Found Deacour's Book Shoppe.
 81076 | Bazaar   | Bought a manual of Fighting for 1120 gold pieces
 81126 | Bazaar   | Found Maganlehi's Assorted Antiques.
 81134 | Bazaar   | Bought a potion of haste for 300 gold pieces
 81173 | Bazaar   | Found Eredefok's Jewellery Boutique.
 81215 | Bazaar   | Found Qoaberch's Jewellery Shoppe.
 82606 | Depths:4 | Entered Level 4 of the Depths
 82779 | Depths:4 | Found a gate to the Realm of Zot.
 83318 | Depths:4 | Found a shadowy altar of Dithmenos.
 83545 | Depths:4 | Gained mutation: Your magical capacity is low. (-10% MP) [a
                  | neqoxec]
 83558 | Depths:4 | Gained mutation: You are vulnerable to heat. (rF-) [a
                  | cacodemon]
 83563 | Depths:4 | Reached skill level 15 in Conjurations
 83563 | Depths:4 | Reached skill level 15 in Hexes
 83563 | Depths:4 | Reached skill level 15 in Summonings
 83563 | Depths:4 | Reached skill level 15 in Necromancy
 83563 | Depths:4 | Reached skill level 15 in Translocations
 83563 | Depths:4 | Reached skill level 15 in Transmutations
 83563 | Depths:4 | Reached skill level 15 in Fire Magic
 83563 | Depths:4 | Reached skill level 15 in Ice Magic
 83563 | Depths:4 | Reached skill level 15 in Air Magic
 83563 | Depths:4 | Reached skill level 15 in Earth Magic
 83563 | Depths:4 | Reached skill level 15 in Poison Magic
 83806 | Zig:1    | Entered Level 1 of a ziggurat
 83827 | Zig:2    | Entered Level 2 of a ziggurat
 83838 | Zig:2    | Identified the +11 hand axe of Immorality {pain, rC+ rN++
                  | Will+}
 83855 | Zig:3    | Entered Level 3 of a ziggurat
 83878 | Zig:3    | Identified the +2 sling "Qesuirph" {antimagic, rN+ Will+}
 84061 | Zig:4    | Entered Level 4 of a ziggurat
 84063 | Zig:4    | Noticed an ancient lich
 84069 | Zig:4    | Killed an ancient lich
 84070 | Zig:4    | Reached XP level 26. HP: 187/189 MP: 37/40
 84075 | Zig:4    | Identified the +5 falchion "Newtslayer" {freeze, Int-2
                  | Dex+3 SInv}
 84300 | Zig:5    | Entered Level 5 of a ziggurat
 84320 | Zig:5    | Got Sif Muna's Tome of the Gift and the Winter
 84534 | Zig:6    | Entered Level 6 of a ziggurat
 84540 | Zig:6    | Noticed a juggernaut
 84548 | Zig:6    | Killed a juggernaut
 84567 | Zig:6    | Acquired 415 gold pieces
 84571 | Zig:6    | Reached XP level 27. HP: 197/197 MP: 33/40
 84925 | Zig:7    | Entered Level 7 of a ziggurat
 84934 | Zig:7    | Noticed a juggernaut
 84945 | Zig:7    | Killed a juggernaut
 84994 | Zig:7    | Lost mutation: You are vulnerable to heat. (rF-) [potion of
                  | mutation]
 84994 | Zig:7    | Lost mutation: Your magical capacity is low. (-10% MP)
                  | [potion of mutation]
 84994 | Zig:7    | Gained mutation: You are somewhat resistant to further
                  | mutation. [potion of mutation]
 85089 | Zig:8    | Entered Level 8 of a ziggurat
 85100 | Zig:8    | Noticed Akynog the pandemonium lord
 85115 | Zig:8    | Killed Akynog the pandemonium lord
 85478 | Zig:9    | Entered Level 9 of a ziggurat
 85704 | Zig:9    | Identified the staff "Daoketh" {rF+ Will- MP+9 Dex+7 Fire
                  | Poison}
 85718 | Zig:9    | Identified the +7 great sword of Xicooree {heavy, rPois
                  | Will- rCorr}
 85987 | Zot:1    | Entered Level 1 of the Realm of Zot
 86025 | Zot:1    | Reached skill level 24 in Maces & Flails
 86299 | Zot:1    | Noticed Vv
 86314 | Zot:1    | Killed Vv
 86471 | Zot:1    | Noticed a dread lich
 86682 | Zot:1    | Noticed an orb of fire
 86689 | Zot:1    | Killed an orb of fire
 86839 | Zot:1    | Killed a dread lich
 88401 | Zot:2    | Found the +4 dragonskin cloak
 88401 | Zot:2    | Noticed Tiamat
 88462 | Zot:2    | HP: 8/199 [green draconian/blast of poison[Tiamat] (9)]
 88555 | Zot:2    | Killed Tiamat
 89199 | Zot:2    | Noticed an orb of fire
 89208 | Zot:2    | Killed an orb of fire
 92315 | Zot:4    | Reached skill level 25 in Maces & Flails
 92462 | Zot:5    | Entered Level 5 of the Realm of Zot
 92623 | Zot:5    | Found an iron altar of Okawaru.
 93867 | Zot:5    | Noticed an orb of fire
 93886 | Zot:5    | Noticed an ancient lich
 93888 | Zot:5    | Gained mutation: Your magical capacity is low. (-10% MP)
                  | [an orb of fire]
 93897 | Zot:5    | Gained mutation: You are clumsy. (Dex -2) [an orb of fire]
 93935 | Zot:4    | Killed an ancient lich
 94172 | Zot:5    | Killed an orb of fire
 94250 | Zot:5    | Noticed an orb of fire
 94251 | Zot:5    | Noticed an orb of fire
 94265 | Zot:5    | Killed an orb of fire
 94266 | Zot:5    | Killed an orb of fire
 94276 | Zot:5    | Noticed an orb of fire
 94300 | Zot:5    | Killed an orb of fire
 94389 | Zot:5    | Noticed an ancient lich
 94394 | Zot:5    | Killed an ancient lich
 94544 | Zot:5    | Noticed an orb of fire
 94556 | Zot:5    | Killed an orb of fire
 94690 | Zot:5    | Paralysed by a Zot trap for 5 turns
 94853 | Zot:5    | Noticed an orb of fire
 94885 | Zot:5    | Killed an orb of fire
 95159 | Zot:5    | Noticed an orb of fire
 95164 | Zot:5    | Noticed an orb of fire
 95180 | Zot:5    | Killed an orb of fire
 95211 | Zot:5    | Noticed a dread lich
 95221 | Zot:5    | Killed a dread lich
 95428 | Zot:5    | Killed an orb of fire
 95540 | Zot:5    | Noticed a dread lich
 95547 | Zot:5    | Killed a dread lich
 95959 | Zot:5    | Got the Orb of Zot
 96507 | D:7      | Noticed Iruseskora the pandemonium lord
 96521 | D:7      | Killed Iruseskora the pandemonium lord
 96808 | D:$      | Escaped with the Orb!

Illustrated notes

Levels and vault maps discovered:
D:1:      dpeg_arrival_chambers_temple_mockup, layout_basic, minmay_door_square
D:2:      kennysheep_big_flooded_room, layout_basic, serial_glass,
          glass_columns_a, glass_columns_a, glass_columns_b, glass_columns_a,
          minivault_11, minmay_split_cup_large
D:3:      layout_basic, okawaru_gym_becter, serial_shops, shop,
          uniq_crazy_yiuf_cottage
D:4:      layout_cave_pools, enter_ossuary_1, serial_shops, shop, minivault_27,
          kennysheep_doodads, supply_closet_lemuel, uniq_ijyb, uniq_pikel,
          uniq_robin, uniq_eustachio
D:5:      layout_gridville
D:6:      layout_basic, nicolae_uskayaw_murder_on_the_dancefloor,
          ebering_ghost_reflecting_pool
D:7:      layout_loops_ring, minmay_temple_entry_large_hall, serial_shops, shop,
          minivault_25
D:8:      layout_cave_pools, gammafunk_temple_overflow_claw, serial_shops,
          nicolae_shop_tiny_waterfront, shop, minmay_manual_mess, uniq_jeremiah
D:9:      layout_loops_ring, fedhas_altar_2, lemuel_round_altar, orc_0_dummy,
          minmay_diced_spiral, uniq_erolcha, uniq_joseph
D:10:     layout_cave_pools, kennysheep_mini_moat, elyvilon_altar_5,
          nicolae_ashenzari_skybound, dpeg_lair_monsters, serial_column_ruins,
          column_ruins_hut_ruined, column_ruins_grid_1,
          column_ruins_columns_straight, column_ruins_grid_2,
          column_ruins_open_small, column_ruins_corridor_water,
          column_ruins_corridor_straight, amcnicky_mini_rare_corridor_liquid
D:11:     layout_big_octagon
D:12:     layout_gridville, gauntlet_entry_generic
D:13:     layout_loops_cross, ximxim_vaults_locker_room,
          nicolae_sif_muna_little_library, uniq_azrael, uniq_kirke, uniq_rupert
D:14:     layout_long_grid, minmay_misc_feat_tower
D:15:     grunt_enter_depths_magical_seal, layout_loops_corners
Temple:   nicolae_temple_no_exploring_needed
Lair:1:   layout_cave_pods, grunt_megastairs_5, infiniplex_staircase_pool_2
Lair:2:   layout_regular_city, nicolae_spider_entry_tight_spaces
Lair:3:   layout_big_grid, minmay_swamp_entry_worms
Lair:4:   dreamdust_labyrinth, layout_misc_corridors, minivault_25
Lair:5:   hangedman_lair_in_review, layout_cellular_growth,
          guppyfry_lair_end_dragon, slime_entry_2, portal_ice_cave_entry_imps,
          grunt_forest_small_clearing_treed, lemuel_fruit_tree
Swamp:1:  layout_falls_marsh, evilmike_swamp_ruin_rubble_2
Swamp:2:  nicolae_swamp_decorative_isthmus, layout_basic_swamp,
          evilmike_swamp_ruin_house_4
Swamp:3:  layout_falls_marsh, hangedman_swamp_diagram
Swamp:4:  swamp_alternative, layout_basic_swamp, ebering_ghost_xom, uniq_roxanne
Spider:1: layout_spider_delve, hangedman_spider_tarantella_strand, uniq_nikola,
          uniq_jorgrun
Spider:2: nicolae_spider_brood_tunnel, nicolae_spider_bzzzt, uniq_frances,
          uniq_donald, uniq_arachne
Spider:3: layout_chambers, uniq_asterion, uniq_aizul
Spider:4: floodkiller_spider_rune_tomb, uniq_agnes
Orc:1:    layout_caves
Orc:2:    st_orc_pillars, layout_diamond_mine, nicolae_volcano_entry_two_sided,
          hellmonk_ghost_happy_afterlife
Elf:1:    layout_onion_city, serial_shops, nicolae_shop_window_shopping,
          nicolae_shop_pleasant_corner_grove, nicolae_take_the_stairs,
          nicolae_shop_hallway_plus, uniq_zenata
Elf:2:    elven_hall_of_blades_hangedman_original
          [nicolae_blade_entry_area_security], layout_gridlike, st_stairs_12
Elf:3:    minmay_elf_hall_hex, layout_onion_city, basic_altar, drop_trap,
          nicolae_nh_oracle_at_delphi
Vaults:1: nicolae_vaults_offset_grid_hallway_4,
          nicolae_vaults_windows_and_doors_thing, grunt_vaults_focal,
          nicolae_vaults_closet_pinwheel_4, hangedman_vaults_pinch,
          nicolae_vaults_tetromino_T_2, nicolae_vaults_trapezoid_lopsided_1,
          vaults_room_grunt_arrival_ludios, nicolae_vaults_heist, v_misc_24,
          hangedman_vaults_nails, nicolae_vaults_house_1,
          nicolae_vaults_cochlea, layout_vaults_big_room, serial_shops,
          nicolae_shop_tiny_real_fake_doors
Vaults:2: gammafunk_ghost_fury_of_okawaru, v_misc_18,
          nicolae_vaults_trapezoid_1, nicolae_vaults_closet_pinwheel_2,
          hangedman_vaults_nodes, vaults_mumra_minichess,
          blue_anna_dwarven_crypt, nicolae_vaults_wine_cellar, vaults_mumra_hex,
          vaults_dpeg_hooks, ontoclasm_vaults_shout, grunt_vaults_hallway_long,
          vaults_dpeg_emergency_exit, layout_vaults_big_cross, uniq_mennas,
          uniq_margery, uniq_bai_suzhen
Vaults:3: v_misc_10, nicolae_vaults_tetromino_L_1, vaults_room_grid,
          nicolae_vaults_frosty_reception, v_misc_24,
          hangedman_vaults_hard_town_square, nicolae_vaults_asterisk,
          nicolae_vaults_closet_pinwheel_1, v_misc_12, layout_vaults_quadrants
Vaults:4: mu_enter_wizlab_2, hangedman_vaults_locks, nicolae_vaults_prndl,
          nicolae_vaults_double_plus_1, nicolae_vaults_little_guard_posts,
          nicolae_vaults_tetromino_T_1, vaults_dpeg_ring, v_pattern_5,
          vaults_standard_mumra_lines, nicolae_vaults_network_periphery,
          nicolae_vaults_sesquioval_fish, nicolae_vaults_specimen_jars,
          hangedman_vaults_maws, layout_vaults_ring
Vaults:5
Crypt:1:  layout_rooms
Crypt:2:  layout_rooms, lemuel_freeze_loot_1
Crypt:3:  cryptofortress_bobbens
Depths:1: layout_honeycomb, serial_bayou_pond_a, lightli_too_deep,
          gammafunk_ghost_abyssal_escape, minmay_variable_closet,
          hangedman_glass_teeth, xom_teletrap_fun, uniq_enchantress
Depths:2: thingy_vault, layout_gridlike, enter_ziggurat_e, abyss_entry,
          rand_demon_pan_entry_3, hell_entry, infiniplex_staircase_spiral,
          uniq_saint_roka
Depths:3: kennysheep_room_grid, layout_basic, grunt_hell_entry_dis_old,
          serial_shops, bzr_in_the_mist, serial_sigils,
          serial_sigils_hangedman_scratch, serial_sigils_hangedman_snap,
          serial_sigils_hangedman_etch, serial_sigils_hangedman_gut,
          serial_sigils_hangedman_gnaw, serial_sigils_hangedman_gut,
          nicolae_abyss_entry_one_way_or_another, serial_sigils_hangedman_gut,
          lightli_fourway_metalbox
Depths:4: grunt_zot_entry_funnels, layout_gridville, hell_entry,
          reono_crystal_passage, grunt_pan_entry_sceptre, abyss_entry_crystal,
          grunt_dithmenos_smoke_and_mirrors
Zot:1:    grunt_deathspiral_small, layout_onion_interference, uniq_vv
Zot:2:    lemuel_firehouse, layout_cathedral_of_symmetry, uniq_tiamat
Zot:3:    kennysheep_blocky_room, layout_misc_corridors
Zot:4:    layout_gridlike, hellmonk_zot_clocked
Zot:5:    layout_basic, basic_altar

Skill      XL: |  1  2  3  4  5  6  7  8  9 10 11 12 13 14 15 16 17 18 19 20 21 22 23 24 25 26 27 |
---------------+----------------------------------------------------------------------------------+-----
Invocations    | 1 2 3 4 5 6 7 8 9 10 11 12 13 14 15 16 17 18 20 23 | 23.7
Short Blades   | 1 2 3 4 5 7 8 9 10 11 12 13 14 15 16 17 19 | 19.5
Long Blades    | 1 2 3 4 5 7 8 9 10 11 12 13 14 15 16 17 19 | 19.5
Axes           | 1 2 3 4 5 7 8 9 10 11 12 13 14 15 16 17 19 | 19.5
Maces & Flails | 1 2 3 4 6 8 9 11 12 13 15 16 17 18 19 20 21 22 23 25 | 25.5
Polearms       | 1 2 3 4 5 7 8 9 10 11 12 13 14 15 16 17 19 | 19.5
Staves         | 1 2 3 4 5 7 8 9 10 11 12 13 14 15 16 17 19 | 19.5
Ranged Weapons | 1 2 3 4 5 7 8 9 10 11 12 13 14 15 16 17 19 | 19.5
Throwing       | 1 2 3 4 5 7 8 9 10 11 12 13 14 15 16 17 19 | 19.5
Shields        | 1 2 3 4 5 7 8 9 10 11 12 13 14 15 16 17 19 | 19.5
Unarmed Combat | 1 2 3 4 5 7 8 9 10 11 12 13 14 15 16 17 19 | 19.5
Spellcasting   | 1 2 3 4 5 7 8 9 10 11 12 13 14 15 16 17 19 | 19.5
Shapeshifting  | 1 2 3 4 5 6 7 8 9 10 11 12 13 14 15 16 18 | 18.1
Conjurations   | 1 2 3 4 5 6 7 8 9 10 11 12 13 14 15 16 | 16.7
Hexes          | 1 2 3 4 5 6 7 8 9 10 11 12 13 14 15 16 | 16.7
Summonings     | 1 2 3 4 5 6 7 8 9 10 11 12 13 14 15 16 | 16.7
Necromancy     | 1 2 3 4 5 6 7 8 9 10 11 12 13 14 15 16 | 16.7
Translocations | 1 2 3 4 5 6 7 8 9 10 11 12 13 14 15 16 | 16.7
Transmutations | 1 2 3 4 5 6 7 8 9 10 11 12 13 14 15 16 | 16.7
Fire Magic     | 1 2 3 4 5 6 7 8 9 10 11 12 13 14 15 16 | 16.7
Ice Magic      | 1 2 3 4 5 6 7 8 9 10 11 12 13 14 15 16 | 16.7
Air Magic      | 1 2 3 4 5 6 7 8 9 10 11 12 13 14 15 16 | 16.7
Earth Magic    | 1 2 3 4 5 6 7 8 9 10 11 12 13 14 15 16 | 16.7
Poison Magic   | 1 2 3 4 5 6 7 8 9 10 11 12 13 14 15 16 | 16.7
Fighting       | 3 4 5 6 7 8 9 10 11 12 13 14 15 16 17 18 21 | 21.6
Dodging        | 3 4 5 6 7 8 9 10 11 12 13 14 15 16 17 18 19 | 19.7
Stealth        | 3 4 5 6 7 8 9 10 11 12 13 14 15 16 17 19 | 19.7
Armour         | 5 6 7 8 9 10 11 12 13 14 15 16 17 18 20 | 20.0
Evocations     | 7 8 9 10 11 12 13 14 15 16 17 18 20 | 20.4

Action                     |  1- 3 |  4- 6 |  7- 9 | 10-12 | 13-15 | 16-18 | 19-21 | 22-24 | 25-27 || total
---------------------------+-------+-------+-------+-------+-------+-------+-------+-------+-------++-------
  Melee: Club              |    87 |       |       |       |       |       |       |       |       ||    87
         Bite              |     8 |    29 |    17 |    39 |   170 |   135 |   186 |   188 |   269 ||  1041
         Punch             |     1 |     5 |     7 |       |       |       |       |       |       ||    13
         Dagger            |    18 |       |       |       |       |       |       |       |       ||    18
         Spear             |     4 |   292 |   240 |   335 |    23 |       |       |       |       ||   894
         Scimitar          |       |       |       |       |   924 |   753 |   860 |    11 |       ||  2548
         Double sword      |       |       |       |       |       |       |       |   914 |  1217 ||  2131
   Fire: Sling             |    28 |     8 |       |       |       |       |       |       |       ||    36
   Cast: Stone Arrow       |       |       |       |    87 |    68 |   239 |   130 |     6 |       ||   530
         Summon Forest     |       |       |       |       |       |     6 |    44 |    63 |    74 ||   187
         Summon Mana Viper |       |       |       |       |       |     5 |    51 |    76 |   117 ||   249
         Yara's Violent Un |       |       |       |       |       |       |     6 |     7 |    16 ||    29
         Summon Cactus Gia |       |       |       |       |       |       |       |     1 |    57 ||    58
         Manifold Assault  |       |       |       |       |       |       |       |       |    14 ||    14
         Blink             |       |       |       |       |       |       |       |       |     1 ||     1
 Invoke: Recall Ancestor   |       |       |       |     5 |     2 |     7 |     6 |     4 |     3 ||    27
         Ancestor Life: Ba |       |       |       |     1 |       |       |       |       |       ||     1
         Idealise          |       |       |       |       |       |     1 |       |       |       ||     1
  Evoke: Wand              |       |     2 |     5 |    13 |     5 |    25 |    10 |     1 |     4 ||    65
    Use: Potion            |       |     3 |     1 |     4 |     2 |     4 |     7 |     1 |    14 ||    36
         Scroll            |       |     7 |     3 |    11 |    15 |    12 |     4 |     8 |    14 ||    74
   Stab: Sleeping          |       |       |       |     4 |    10 |    15 |     8 |     4 |       ||    41
         Distracted        |       |       |       |     2 |    27 |    23 |    35 |    40 |    52 ||   179
         Paralysed         |       |       |       |       |       |     1 |       |       |       ||     1
 Armour: Chain mail        |   140 |   311 |   229 |   115 |       |       |       |       |       ||   795
         Leather armour    |     7 |       |       |       |       |       |       |       |       ||     7
         Skin              |     1 |       |       |       |       |       |       |       |       ||     1
         Ring mail         |       |       |       |   166 |   550 |   752 |   597 |    61 |       ||  2126
         Plate armour      |       |       |       |       |       |       |       |   648 |  1027 ||  1675
  Dodge: Dodged            |    51 |   136 |    63 |   173 |   636 |   763 |   600 |   488 |   598 ||  3508
         Repelled          |       |     1 |     1 |     5 |    16 |     1 |       |       |       ||    24
  Block: Buckler           |       |       |     8 |   108 |    69 |       |       |       |       ||   185
         Kite shield       |       |       |       |       |   503 |   812 |   603 |   666 |   758 ||  3342
         Reflection        |       |       |       |       |       |     3 |    50 |    30 |    30 ||   113
         Form:             |       |       |       |       |       |       |       |     1 |     1 ||     2
         Statue            |       |       |       |       |       |       |       |     1 |     1 ||     2

Table legend: (Time is in decaauts)
 A = Elapsed time spent in this place.
 B = Non-inter-level travel time spent in this place.
 C = Inter-level travel time spent in this place.
 D = Time resting spent in this place.
 E = Time spent auto-exploring this place.
 F = Levels seen in this place.
 G = Mean time per level.
                   A        B        C        D        E       F      G
               +--------+--------+--------+--------+--------+-----+--------+
         Total |  96726 |  91111 |   5615 |  27768 |  44925 |  66 | 1465.5 |
       Dungeon |  18892 |  16721 |   2171 |   3191 |  10292 |  15 | 1259.5 |
        Temple |     14 |      7 |      7 |      0 |      0 |   1 |   14.0 |
          Lair |   7758 |   6878 |    880 |    990 |   4399 |   5 | 1551.6 |
         Swamp |   7260 |   6959 |    301 |   3138 |   2985 |   4 | 1815.0 |
   Spider Nest |  13652 |  13225 |    427 |   6651 |   4646 |   4 | 3413.0 |
  Orcish Mines |   2057 |   1907 |    150 |    202 |   1157 |   2 | 1028.5 |
   Elven Halls |   5162 |   4840 |    322 |    580 |   3111 |   3 | 1720.7 |
        Vaults |  15734 |  15097 |    637 |   5030 |   7103 |   5 | 3146.8 |
         Crypt |   2842 |   2730 |    112 |    460 |   1428 |   3 |  947.3 |
        Depths |   5410 |   5037 |    373 |    342 |   3457 |   4 | 1352.5 |
           Zot |  10030 |   9799 |    231 |   3268 |   4176 |   5 | 2006.0 |
      Ziggurat |   2088 |   2088 |      0 |   1660 |      0 |   9 |  232.0 |
        Bazaar |    522 |    522 |      0 |      0 |    430 |   1 |  522.0 |
       Ossuary |    317 |    317 |      0 |      0 |    127 |   1 |  317.0 |
      Ice Cave |   2784 |   2784 |      0 |   1330 |   1047 |   1 | 2784.0 |
       Volcano |    328 |    328 |      0 |     12 |    162 |   1 |  328.0 |
        Wizlab |   1017 |   1017 |      0 |    546 |    118 |   1 | 1017.0 |
      Gauntlet |    853 |    853 |      0 |    368 |    284 |   1 |  853.0 |
               +--------+--------+--------+--------+--------+-----+--------+

Top non-repeatable levels by time:
Spider:3: 4904 daAuts
Vaults:2: 4289 daAuts
Spider:2: 3929 daAuts
Vaults:4: 3845 daAuts
 Swamp:3: 3346 daAuts
Vaults:1: 3136 daAuts
Spider:4: 3005 daAuts
Vaults:3: 2841 daAuts
   IceCv: 2784 daAuts
   Zot:4: 2590 daAuts
   Zot:5: 2491 daAuts
   Elf:3: 2278 daAuts
     D:9: 2156 daAuts
  Lair:5: 2122 daAuts
    D:13: 1936 daAuts
